Map: Iron Fortress LE (Void)

Players

Renderman

  • Race: Zerg Zerg
  • League: Grandmaster

HiperPhysick

  • Race: Zerg Zerg
  • League: Grandmaster

CaptRaynor - Winner!

  • Race: Zerg Zerg
  • League: Grandmaster

MrLard - Winner!

  • Race: Zerg Zerg
  • League: Grandmaster

VOD

Have the link to the VOD?

Description

Time

  • Played on: June 14, 2015, 10:54 p.m.
  • Length: 4:50
Show
View Real Time Build Order
Export as new Build Order

Renderman Zerg 

Build Orders: Pool First 

Get SALT Encoding   

  12  0:03  Drone  
  13  0:26  Spawning Pool  
  13  0:28  Drone  
  13  0:31  Drone  
  14  1:01  Hatchery  
  13  1:11  Extractor  
  13  1:13  Zergling x4  
  14  1:18  Overlord  
  14  1:36  Queen  
  16  1:40  Zergling x2  
  16  1:43  Zergling x2  
  18  2:05  Zergling x2  
  18  2:06  Zergling x2  
  20  2:17  Metabolic Boost  
  20  2:20  Zergling x2  
  20  2:21  Zergling x2  
  22  2:27  Zergling x2  
  23  2:33  Zergling x2  
  24  2:41  Zergling x2  
  25  2:59  Spine Crawler  
  23  3:21  Drone x4  
  26  3:38  Zergling x2  
  27  3:49  Overlord  
  26  4:12  Zergling x4  
  26  4:13  Zergling x6  
  31  4:22  Drone x2  
  31  4:23  Drone x3  
Show
View Real Time Build Order
Export as new Build Order

HiperPhysick Zerg 

Build Orders: Pool First 

Get SALT Encoding   

  12  0:03  Drone  
  13  0:12  Drone  
  14  0:19  Overlord  
  14  0:36  Spawning Pool  
  14  0:38  Drone  
  14  0:43  Drone  
  15  1:06  Overlord  
  15  1:12  Hatchery  
  14  1:19  Drone x2  
  16  1:29  Queen  
  18  1:34  Zergling x2  
  19  1:40  Drone  
  20  1:53  Drone  
  21  1:55  Extractor  
  20  2:11  Drone x2  
  22  2:22  Extractor  
  21  2:30  Queen  
  21  2:32  Drone  
  24  2:42  Hatchery  
  23  2:47  Spine Crawler  
  22  2:52  Zergling x2  
  22  2:53  Zergling x2  
  22  2:56  Zergling x2  
  22  2:57  Zergling x2  
  26  3:02  Spine Crawler  
  25  3:08  Metabolic Boost  
  20  3:29  Zergling x2  
  20  3:30  Zergling x10  
  24  3:42  Overlord  
  24  3:54  Zergling x2  
  21  4:05  Zergling x2  
  21  4:06  Zergling x12  
Show
View Real Time Build Order
Export as new Build Order

CaptRaynor Zerg - Winner!

Build Orders:  

Get SALT Encoding   

Show
View Real Time Build Order
Export as new Build Order

MrLard Zerg - Winner!

Build Orders:  

Get SALT Encoding   

Tags
 
Add a new tag
Caveats
  • Supply blocks, unpowered buildings, or Contaminate may cause inaccurate times.
  • Supply counts are checked every 10 seconds.